Flyers vs Oilers
(R1)
Created - October 20, 2020 at 19:27
Goals
|
| Flyers |
3 |
0 |
0 |
3 |
| Oilers |
1 |
0 |
0 |
1 |
|
Shots
|
| Flyers |
17 |
4 |
6 |
27 |
| Oilers |
11 |
7 |
8 |
26 |
|
1st period
1. Flyers , Drew Miller 1 (Erik Christensen 1, Jonathan Ericsson 2) at 4:53
2. Flyers , Drew Miller 2 (Mats Zuccarello 1, Oliver Ekman-Larsson 1) at 5:28
3. Oilers , Riley Sheahan 1 (Claude Giroux 1, Travis Hamonic 1) at 5:59
4. Flyers , J.T. Miller 3 (Jeff Carter 3) at 14:58
Penalties :
No Penalty
2nd period
No Goal
Penalties :
Nathan Beaulieu (Phi) for Hooking (Minor) at 0:03, Kellan Lain (EDM) for Roughing (Minor) at 9:53, Jeff Carter (Phi) for Hooking (Minor) at 12:57, Mats Zuccarello (Phi) for Diving (Minor) at 16:53
3rd period
No Goal
Penalties :
Jeff Woywitka (Phi) for Hooking (Minor) at 0:26, Brent Seabrook (EDM) for Hooking (Minor) at 10:18, Drew Miller (Phi) for Hooking (Minor) at 14:53
Goalie Stats
Steve Mason (Phi), 25 saves from 26 shots - (0.962), W, 2-0-0, 60:00 minutes
Marc-André Fleury (EDM), 24 saves from 27 shots - (0.889), L, 0-1-0, 60:00 minutes
Players Stats for Flyers
Player Name G A P +/- PIM S H SB GA TA FO MP PP MP PK MP
------------------------------------------------------------------------------------
Brian Lashoff 0 0 0 2 0 3 2 0 0 0 0/0 20:21 0:00 4:17
Brock Nelson 0 0 0 0 0 0 0 0 0 0 0/0 12:13 0:00 0:05
Chris Mcallister 0 0 0 0 0 0 2 1 0 0 1/1 11:55 0:00 4:59
Drew Miller 2 0 2 2 2 4 1 0 0 0 1/3 18:15 2:08 3:52
Erik Christensen 0 1 1 2 0 2 1 0 0 0 5/10 11:48 0:02 0:24
J.T. Miller 1 0 1 0 0 4 0 1 1 0 0/0 17:53 1:50 0:59
Jakub Voracek 0 0 0 0 0 1 0 1 2 0 0/2 14:08 2:08 0:00
Jeff Carter 0 1 1 0 2 2 0 0 0 0 11/14 17:08 1:50 0:00
Jeff Woywitka 0 0 0 0 2 0 1 0 0 0 0/0 23:19 1:57 4:08
Jonathan Ericsson 0 1 1 0 0 0 1 1 1 0 0/0 22:14 1:57 5:18
Jordan Nolan 0 0 0 0 0 2 0 1 0 0 7/18 19:44 2:06 4:53
Marcus Kruger 0 0 0 0 0 3 2 1 0 0 0/0 16:54 1:50 0:00
Mats Zuccarello 0 1 1 2 2 3 0 1 1 0 0/0 11:34 0:00 0:00
Matt Smaby 0 0 0 2 0 1 0 3 0 0 0/0 15:04 0:00 0:20
Matthew Lombardi 0 0 0 0 0 1 0 1 0 0 2/7 11:34 0:00 4:38
Nathan Beaulieu 0 0 0 0 2 0 0 0 0 0 0/0 15:20 2:01 0:20
Oliver Ekman-Larsson 0 1 1 0 0 1 3 0 2 1 0/0 23:45 2:01 5:27
Ryan Callahan 0 0 0 0 0 0 0 0 0 0 0/0 6:51 0:00 0:00
Players Stats for Oilers
Player Name G A P +/- PIM S H SB GA TA FO MP PP MP PK MP
------------------------------------------------------------------------------------
Anthony Stewart 0 0 0 -1 0 0 2 0 0 0 1/1 7:29 0:00 0:00
Brady Skjei 0 0 0 -1 0 2 3 1 0 2 0/0 24:16 5:59 1:30
Brent Seabrook 0 0 0 -1 2 1 1 0 0 0 0/0 25:31 5:59 1:09
Claude Giroux 0 1 1 0 0 1 3 1 0 0 3/3 22:50 5:22 2:11
Connor McDavid 0 0 0 0 0 7 2 2 0 1 4/13 19:09 4:33 0:19
Johnny Gaudreau 0 0 0 0 0 3 1 0 0 1 1/1 20:14 4:33 1:30
Jordan Caron 0 0 0 1 0 3 1 0 0 0 1/1 11:37 0:00 0:00
Kellan Lain 0 0 0 1 2 0 2 0 0 0 1/2 12:11 0:04 0:00
Kevin Porter 0 0 0 -1 0 0 1 0 0 0 2/4 8:36 0:00 0:52
Leon Draisaitl 0 0 0 -2 0 0 2 0 0 0 9/16 16:58 5:18 0:00
Oscar Klefbom 0 0 0 0 0 1 1 1 1 0 0/0 17:29 3:56 1:19
Pavel Buchnevich 0 0 0 -2 0 1 2 1 0 0 0/0 15:56 4:33 0:00
Riley Sheahan 1 0 1 1 0 6 0 0 0 0 6/12 12:13 0:00 0:36
Rostislav Olesz 0 0 0 -1 0 1 0 0 0 1 0/0 8:15 0:04 0:17
Steve Montador 0 0 0 0 0 0 3 2 0 0 0/0 11:48 0:00 0:00
Taylor Hall 0 0 0 -2 0 0 3 0 0 2 0/2 19:54 5:18 2:11
Tobias Enstrom 0 0 0 -1 0 0 0 4 0 0 0/0 22:00 3:56 1:30
Travis Hamonic 0 1 1 -1 0 0 0 1 0 0 0/0 19:34 0:00 2:28
3 Stars
1 - Drew Miller (Phi)
2 - Steve Mason (Phi)
3 - Erik Christensen (Phi)
Power Play
Flyers - 0 on 2 Attempt(s) - 0.00%
Oilers - 0 on 5 Attempt(s) - 0.00%
Penalty Kill
Flyers - 5 on 5 Attempt(s) - 100.00%
- Score 0 goal in Penalty Kill
Oilers - 2 on 2 Attempt(s) - 100.00%
- Score 0 goal in Penalty Kill
Team Stat
Flyers - Hits : 13 - Faceoff Wins : 27 - Blocked Shots : 11 - Penalty Minutes : 10
Oilers - Hits : 27 - Faceoff Wins : 28 - Blocked Shots : 13 - Penalty Minutes : 4
Official
Referees : Unknown
Linesman : Unknown
Game Notes
No Game Note
Finance
Level 1 -- Attendance: 4427 (73.78%) -- Ticket Income $486,970
Level 2 -- Attendance: 3698 (73.96%) -- Ticket Income $258,860
Level 3 -- Attendance: 1705 (85.25%) -- Ticket Income $78,430
Level 4 -- Attendance: 4000 (100.00%) -- Ticket Income $120,000
Luxury Box -- Attendance: 930 (93.00%) -- Ticket Income $167,400
Game was played at the The prudential Center.
Total Attendance: 14760 (82.00%)
Total Ticket Income: $1,111,660
Other Income: $166,749
Total Income: $1,278,409
Flyers
5 vs 5 Forward
Center Left Wing Right Wing Time % Phy DF OF
1 Jeff Carter J.T. Miller Marcus Kruger 33 0 1 4
2 Jordan Nolan Brock Nelson Jakub Voracek 32 0 1 4
3 Erik Christensen Drew Miller Mats Zuccarello 25 0 2 3
4 Matthew Lombardi Chris Mcallister Ryan Callahan 10 0 4 1
5 vs 5 Defense
Defense Defense Time % Phy DF OF
1 Oliver Ekman-Larsson Jonathan Ericsson 30 1 3 1
2 Jeff Woywitka Nathan Beaulieu 30 1 3 1
3 Brian Lashoff Matt Smaby 30 1 3 1
4 Oliver Ekman-Larsson Jeff Woywitka 10 1 3 1
PowerPlay Forward
Center Left Wing Right Wing Time % Phy DF OF
1 Jeff Carter J.T. Miller Marcus Kruger 50 0 1 4
2 Jordan Nolan Drew Miller Jakub Voracek 50 0 1 4
PowerPlay Defense
Defense Defense Time % Phy DF OF
1 Oliver Ekman-Larsson Nathan Beaulieu 50 0 2 3
2 Jonathan Ericsson Jeff Woywitka 50 0 2 3
Penalty Kill 4 Players Forward
Center Wing Time % Phy DF OF
1 Matthew Lombardi Chris Mcallister 50 0 4 1
2 Jordan Nolan Drew Miller 50 0 4 1
Penalty Kill 4 Players Defense
Defense Defense Time % Phy DF OF
1 Oliver Ekman-Larsson Brian Lashoff 50 1 4 0
2 Jeff Woywitka Jonathan Ericsson 50 1 4 0
Penalty Kill - 3 Players Forward
Forward Time % Phy DF OF
1 Matthew Lombardi 50 0 4 1
2 Jordan Nolan 50 0 4 1
Penalty Kill - 3 Players Defense
Defense Defense Time % Phy DF OF
1 Oliver Ekman-Larsson Brian Lashoff 50 1 4 0
2 Jeff Woywitka Jonathan Ericsson 50 1 4 0
4 vs 4 Forward
Center Wing Time % Phy DF OF
1 Jeff Carter J.T. Miller 50 0 2 3
2 Jordan Nolan Jakub Voracek 50 0 2 3
4 vs 4 Defense
Defense Defense Time % Phy DF OF
1 Oliver Ekman-Larsson Nathan Beaulieu 50 1 3 1
2 Jeff Woywitka Jonathan Ericsson 50 1 3 1
Last Minutes Offensive
Center Left Wing Right Wing Defense Defense
Jeff Carter J.T. Miller Jakub Voracek Oliver Ekman-Larsson Jeff Woywitka
Last Minutes Defensive
Center Left Wing Right Wing Defense Defense
Matthew Lombardi Drew Miller Mats Zuccarello Oliver Ekman-Larsson Brian Lashoff
Goaltenders
Starting : Steve Mason
Backup : Ray Emery
Extra Forwards
Normal : Jeff Carter, Jordan Nolan, Drew Miller - PP : Jeff Carter, Jordan Nolan - PK : Drew Miller
Extra Defensemen
Normal : Oliver Ekman-Larsson, Jeff Woywitka, Jonathan Ericsson - PP : Oliver Ekman-Larsson - PK : Oliver Ekman-Larsson, Jeff Woywitka
Penalty Shots
Jeff Carter, Jordan Nolan, J.T. Miller, Marcus Kruger, Jakub Voracek
Scratches
None
Oilers
5 vs 5 Forward
Center Left Wing Right Wing Time % Phy DF OF
1 Connor McDavid Johnny Gaudreau Claude Giroux 40 0 2 3
2 Leon Draisaitl Taylor Hall Pavel Buchnevich 30 0 2 3
3 Riley Sheahan Kellan Lain Jordan Caron 20 1 2 2
4 Kevin Porter Rostislav Olesz Anthony Stewart 10 1 2 2
5 vs 5 Defense
Defense Defense Time % Phy DF OF
1 Travis Hamonic Brent Seabrook 40 1 2 2
2 Tobias Enstrom Brady Skjei 30 1 2 2
3 Steve Montador Oscar Klefbom 20 1 2 2
4 Travis Hamonic Brent Seabrook 10 1 2 2
PowerPlay Forward
Center Left Wing Right Wing Time % Phy DF OF
1 Leon Draisaitl Taylor Hall Claude Giroux 60 1 2 2
2 Connor McDavid Johnny Gaudreau Pavel Buchnevich 40 1 2 2
PowerPlay Defense
Defense Defense Time % Phy DF OF
1 Brady Skjei Brent Seabrook 60 1 2 2
2 Tobias Enstrom Oscar Klefbom 40 1 2 2
Penalty Kill 4 Players Forward
Center Wing Time % Phy DF OF
1 Claude Giroux Taylor Hall 60 1 2 2
2 Johnny Gaudreau Riley Sheahan 40 1 2 2
Penalty Kill 4 Players Defense
Defense Defense Time % Phy DF OF
1 Travis Hamonic Brent Seabrook 60 1 2 2
2 Tobias Enstrom Brady Skjei 40 1 2 2
Penalty Kill - 3 Players Forward
Forward Time % Phy DF OF
1 Claude Giroux 60 1 2 2
2 Taylor Hall 40 1 2 2
Penalty Kill - 3 Players Defense
Defense Defense Time % Phy DF OF
1 Travis Hamonic Brent Seabrook 60 1 2 2
2 Tobias Enstrom Brady Skjei 40 1 2 2
4 vs 4 Forward
Center Wing Time % Phy DF OF
1 Claude Giroux Taylor Hall 60 1 2 2
2 Johnny Gaudreau Riley Sheahan 40 1 2 2
4 vs 4 Defense
Defense Defense Time % Phy DF OF
1 Travis Hamonic Brent Seabrook 60 1 2 2
2 Tobias Enstrom Brady Skjei 40 1 2 2
Last Minutes Offensive
Center Left Wing Right Wing Defense Defense
Riley Sheahan Taylor Hall Claude Giroux Travis Hamonic Brent Seabrook
Last Minutes Defensive
Center Left Wing Right Wing Defense Defense
Riley Sheahan Taylor Hall Claude Giroux Travis Hamonic Brent Seabrook
Goaltenders
Starting : Marc-André Fleury
Backup : Jimmy Howard
Extra Forwards
Normal : Kellan Lain, Rostislav Olesz, Kevin Porter - PP : Kellan Lain, Rostislav Olesz - PK : Kevin Porter
Extra Defensemen
Normal : Steve Montador, Oscar Klefbom, Tobias Enstrom - PP : Steve Montador - PK : Oscar Klefbom, Tobias Enstrom
Penalty Shots
Claude Giroux, Taylor Hall, Johnny Gaudreau, Riley Sheahan, Kellan Lain
Scratches
Brandon Burlon (Healthy)
% Time on Ice - Flyers
Lines # - Real PCT - Wanted PCT - Time Play
Normal Forward
1 - 33% - 33% - 15:16
2 - 27% - 32% - 12:39
3 - 25% - 25% - 11:21
4 - 15% - 10% - 6:51
Normal Defense
1 - 31% - 30% - 14:08
2 - 32% - 30% - 14:48
3 - 33% - 30% - 15:02
4 - 5% - 10% - 2:09
PP Forward
1 - 46% - 50% - 1:50
2 - 54% - 50% - 2:08
PP Defense
1 - 51% - 50% - 2:01
2 - 49% - 50% - 1:57
PK Forward
1 - 47% - 50% - 4:38
2 - 53% - 50% - 5:17
PK Defense
1 - 43% - 50% - 4:17
2 - 57% - 50% - 5:38
PK3 Forward
1 - 0% - 50%
2 - 0% - 50%
PK3 Defense
1 - 0% - 50%
2 - 0% - 50%
44 Forward
1 - 0% - 50%
2 - 0% - 50%
44 Defense
1 - 0% - 50%
2 - 0% - 50%
Last Minute Offensive - 0:00
Last Minute Defensive - 0:00
Total
Forward - 60:00
Defense - 60:00
|
% Time on Ice - Oilers
Lines # - Real PCT - Wanted PCT - Time Play
Normal Forward
1 - 33% - 40% - 15:18
2 - 26% - 30% - 11:56
3 - 25% - 20% - 11:37
4 - 16% - 10% - 7:16
Normal Defense
1 - 34% - 40% - 15:54
2 - 36% - 30% - 16:34
3 - 26% - 20% - 11:48
4 - 4% - 10% - 1:51
PP Forward
1 - 54% - 60% - 5:22
2 - 46% - 40% - 4:33
PP Defense
1 - 60% - 60% - 5:59
2 - 40% - 40% - 3:56
PK Forward
1 - 85% - 60% - 3:22
2 - 15% - 40% - 0:36
PK Defense
1 - 62% - 60% - 2:28
2 - 38% - 40% - 1:30
PK3 Forward
1 - 0% - 60%
2 - 0% - 40%
PK3 Defense
1 - 0% - 60%
2 - 0% - 40%
44 Forward
1 - 0% - 60%
2 - 0% - 40%
44 Defense
1 - 0% - 60%
2 - 0% - 40%
Last Minute Offensive - 0:00
Last Minute Defensive - 0:00
Total
Forward - 60:00
Defense - 60:00
|
Play-by-Play
1st period
0:01 of 1st period - Jeff Carter wins face-off versus Connor McDavid in neutral zone.
1:12 of 1st period - Jeff Woywitka is hit by Claude Giroux and loses puck.
1:19 of 1st period - Snap shot by Claude Giroux.
1:19 of 1st period - Deflect By Connor McDavid.
1:19 of 1st period - Stopped by Steve Mason with a rebound.
1:21 of 1st period - Backhand shot by Brady Skjei.
1:21 of 1st period - Stopped by Steve Mason with a rebound.
1:31 of 1st period - Wrist shot by Rostislav Olesz.
1:31 of 1st period - Stopped by Steve Mason without a rebound.
1:32 of 1st period - Anthony Stewart wins face-off versus Matthew Lombardi in Flyers zone.
1:59 of 1st period - Wrist shot by Oscar Klefbom.
1:59 of 1st period - Stopped by Steve Mason with a rebound.
2:01 of 1st period - Wrist shot by Leon Draisaitl.
2:01 of 1st period - Shot Misses the Net.
2:03 of 1st period - Wrist shot by Steve Montador.
2:03 of 1st period - Shot Blocked by J.T. Miller.
3:09 of 1st period - Wrist shot by Riley Sheahan.
3:09 of 1st period - Shot Misses the Net.
3:11 of 1st period - Snap shot by Riley Sheahan.
3:11 of 1st period - Stopped by Steve Mason without a rebound.
3:12 of 1st period - Drew Miller wins face-off versus Riley Sheahan in Flyers zone.
3:29 of 1st period - Wrist shot by Riley Sheahan.
3:29 of 1st period - Shot Misses the Net.
3:59 of 1st period - Icing by Jakub Voracek.
4:00 of 1st period - Jordan Nolan wins face-off versus Kevin Porter in Flyers zone.
4:51 of 1st period - Snap shot by Erik Christensen.
4:51 of 1st period - Stopped by Marc-André Fleury with a rebound.
4:53 of 1st period - Wrist shot by Drew Miller.
4:53 of 1st period - Goal by Drew Miller - Flyers : 1 - Oilers : 0.
4:54 of 1st period - Jordan Nolan wins face-off versus Leon Draisaitl in neutral zone.
5:21 of 1st period - Travis Hamonic is hit by Drew Miller and loses puck.
5:26 of 1st period - Wrist shot by Mats Zuccarello.
5:26 of 1st period - Shot Misses the Net.
5:28 of 1st period - Wrist shot by Drew Miller.
5:28 of 1st period - Goal by Drew Miller - Flyers : 2 - Oilers : 0.
5:29 of 1st period - Jordan Nolan wins face-off versus Connor McDavid in neutral zone.
5:59 of 1st period - Slapshot by Riley Sheahan.
5:59 of 1st period - Goal by Riley Sheahan - Flyers : 2 - Oilers : 1.
6:00 of 1st period - Jeff Carter wins face-off versus Riley Sheahan in neutral zone.
6:03 of 1st period - Wrist shot by Jeff Carter.
6:03 of 1st period - Shot Misses the Net.
6:05 of 1st period - Snap shot by Brian Lashoff.
6:05 of 1st period - Shot Blocked by Tobias Enstrom.
6:07 of 1st period - Slapshot by J.T. Miller.
6:07 of 1st period - Shot Blocked by Brady Skjei.
6:09 of 1st period - Snap shot by Brian Lashoff.
6:09 of 1st period - Shot Misses the Net.
6:27 of 1st period - Jakub Voracek is hit by Brady Skjei and loses puck.
7:26 of 1st period - Snap shot by Jordan Nolan.
7:26 of 1st period - Stopped by Marc-André Fleury without a rebound.
7:27 of 1st period - Jeff Carter wins face-off versus Connor McDavid in Oilers zone.
7:28 of 1st period - Snap shot by Marcus Kruger.
7:28 of 1st period - Shot Misses the Net.
7:44 of 1st period - Wrist shot by Claude Giroux.
7:44 of 1st period - Stopped by Steve Mason without a rebound.
7:45 of 1st period - Erik Christensen wins face-off versus Riley Sheahan in Flyers zone.
7:45 of 1st period - Erik Christensen is hit by Brady Skjei.
7:51 of 1st period - Snap shot by Jordan Caron.
7:51 of 1st period - Stopped by Steve Mason with a rebound.
7:53 of 1st period - Slapshot by Brady Skjei.
7:53 of 1st period - Stopped by Steve Mason without a rebound.
7:54 of 1st period - Riley Sheahan wins face-off versus Erik Christensen in Flyers zone.
7:57 of 1st period - Wrist shot by Riley Sheahan.
7:57 of 1st period - Stopped by Steve Mason without a rebound.
7:58 of 1st period - Leon Draisaitl wins face-off versus Jeff Carter in Flyers zone.
8:25 of 1st period - Drew Miller is hit by Claude Giroux and loses puck.
8:33 of 1st period - Snap shot by Drew Miller.
8:33 of 1st period - Shot Blocked by Connor McDavid.
8:35 of 1st period - Snap shot by Oliver Ekman-Larsson.
8:35 of 1st period - Stopped by Marc-André Fleury without a rebound.
8:36 of 1st period - Connor McDavid wins face-off versus Matthew Lombardi in Oilers zone.
9:03 of 1st period - Oliver Ekman-Larsson is hit by Kellan Lain and loses puck.
9:21 of 1st period - Icing by Tobias Enstrom.
9:22 of 1st period - Riley Sheahan wins face-off versus Erik Christensen in Oilers zone.
9:31 of 1st period - Snap shot by Erik Christensen.
9:31 of 1st period - Stopped by Marc-André Fleury with a rebound.
9:33 of 1st period - Snap shot by Mats Zuccarello.
9:33 of 1st period - Shot Misses the Net.
9:51 of 1st period - Wrist shot by Jeff Carter.
9:51 of 1st period - Shot Blocked by Pavel Buchnevich.
10:03 of 1st period - Snap shot by Jeff Carter.
10:03 of 1st period - Stopped by Marc-André Fleury with a rebound.
10:32 of 1st period - Icing by Johnny Gaudreau.
10:33 of 1st period - Chris Mcallister wins face-off versus Connor McDavid in Oilers zone.
10:46 of 1st period - Slapshot by Drew Miller.
10:46 of 1st period - Stopped by Marc-André Fleury without a rebound.
10:47 of 1st period - Riley Sheahan wins face-off versus Jeff Carter in Oilers zone.
10:52 of 1st period - Snap shot by Jeff Carter.
10:52 of 1st period - Deflect By Marcus Kruger.
10:52 of 1st period - Stopped by Marc-André Fleury with a rebound.
10:54 of 1st period - Snap shot by J.T. Miller.
10:54 of 1st period - Stopped by Marc-André Fleury with a rebound.
10:56 of 1st period - Wrist shot by Jeff Carter.
10:56 of 1st period - Stopped by Marc-André Fleury with a rebound.
10:58 of 1st period - Snap shot by Brian Lashoff.
10:58 of 1st period - Stopped by Marc-André Fleury without a rebound.
10:59 of 1st period - Jordan Nolan wins face-off versus Connor McDavid in Oilers zone.
11:27 of 1st period - Off-side.
11:28 of 1st period - Riley Sheahan wins face-off versus Drew Miller in neutral zone.
11:42 of 1st period - Snap shot by Drew Miller.
11:42 of 1st period - Stopped by Marc-André Fleury with a rebound.
11:44 of 1st period - Snap shot by Drew Miller.
11:44 of 1st period - Shot Blocked by Oscar Klefbom.
12:23 of 1st period - Snap shot by Connor McDavid.
12:23 of 1st period - Stopped by Steve Mason with a rebound.
12:25 of 1st period - Snap shot by Brent Seabrook.
12:25 of 1st period - Shot Misses the Net.
12:35 of 1st period - Travis Hamonic is hit by Oliver Ekman-Larsson and loses puck.
14:54 of 1st period - Wrist shot by J.T. Miller.
14:54 of 1st period - Stopped by Marc-André Fleury with a rebound.
14:56 of 1st period - Slapshot by J.T. Miller.
14:56 of 1st period - Shot Blocked by Tobias Enstrom.
14:58 of 1st period - Slapshot by J.T. Miller.
14:58 of 1st period - Goal by J.T. Miller - Flyers : 3 - Oilers : 1.
14:59 of 1st period - Leon Draisaitl wins face-off versus Jordan Nolan in neutral zone.
15:04 of 1st period - Jordan Nolan is hit by Brent Seabrook and loses puck.
15:35 of 1st period - Slapshot by Mats Zuccarello.
15:35 of 1st period - Stopped by Marc-André Fleury with a rebound.
15:53 of 1st period - Jeff Carter is hit by Connor McDavid and loses puck.
17:00 of 1st period - Off-side.
17:01 of 1st period - Erik Christensen wins face-off versus Connor McDavid in neutral zone.
17:10 of 1st period - Snap shot by Mats Zuccarello.
17:10 of 1st period - Shot Blocked by Tobias Enstrom.
17:12 of 1st period - Snap shot by Mats Zuccarello.
17:12 of 1st period - Deflect By Claude Giroux.
17:12 of 1st period - Stopped by Marc-André Fleury without a rebound.
17:13 of 1st period - Jeff Carter wins face-off versus Connor McDavid in Oilers zone.
17:50 of 1st period - Slapshot by Drew Miller.
17:50 of 1st period - Shot Misses the Net.
18:29 of 1st period - Oliver Ekman-Larsson is hit by Steve Montador and loses puck.
19:14 of 1st period - Nathan Beaulieu is hit by Anthony Stewart and loses puck.
19:35 of 1st period - Brady Skjei is hit by Chris Mcallister and loses puck.
Goals for this period are 3 for Flyers vs 1 for Oilers.
Shots for this period are 17 for Flyers vs 11 for Oilers.
2nd period
0:01 of 2nd period - Jeff Carter wins face-off versus Connor McDavid in neutral zone.
0:03 of 2nd period - Minor Penalty to Nathan Beaulieu for Hooking.
0:04 of 2nd period - Matthew Lombardi wins face-off versus Leon Draisaitl in Flyers zone.
0:04 of 2nd period - Matthew Lombardi is hit by Taylor Hall.
1:19 of 2nd period - Icing by Claude Giroux.
1:20 of 2nd period - Leon Draisaitl wins face-off versus Matthew Lombardi in Oilers zone.
2:03 of 2nd period - Penalty to Nathan Beaulieu is over, Nathan Beaulieu is back on ice.
2:43 of 2nd period - Icing by Brian Lashoff.
2:44 of 2nd period - Connor McDavid wins face-off versus Erik Christensen in Flyers zone.
2:47 of 2nd period - Snap shot by Claude Giroux.
2:47 of 2nd period - Shot Blocked by Mats Zuccarello.
2:49 of 2nd period - Slapshot by Brady Skjei.
2:49 of 2nd period - Deflect By Connor McDavid.
2:49 of 2nd period - Stopped by Steve Mason without a rebound.
2:50 of 2nd period - Connor McDavid wins face-off versus Jordan Nolan in Flyers zone.
2:55 of 2nd period - Backhand shot by Claude Giroux.
2:55 of 2nd period - Shot Misses the Net.
4:05 of 2nd period - Wrist shot by Rostislav Olesz.
4:05 of 2nd period - Shot Blocked by Matthew Lombardi.
6:11 of 2nd period - Nathan Beaulieu is hit by Claude Giroux and loses puck.
6:22 of 2nd period - Travis Hamonic is hit by Jeff Woywitka and loses puck.
7:00 of 2nd period - Anthony Stewart is hit by Chris Mcallister and loses puck.
7:07 of 2nd period - Brian Lashoff is hit by Steve Montador and loses puck.
7:40 of 2nd period - Drew Miller is hit by Leon Draisaitl and loses puck.
8:05 of 2nd period - Kellan Lain is hit by Brian Lashoff and loses puck.
8:10 of 2nd period - Slapshot by Marcus Kruger.
8:10 of 2nd period - Shot Blocked by Travis Hamonic.
8:12 of 2nd period - Slapshot by Brian Lashoff.
8:12 of 2nd period - Stopped by Marc-André Fleury with a rebound.
8:54 of 2nd period - Slapshot by Matthew Lombardi.
8:54 of 2nd period - Stopped by Marc-André Fleury with a rebound.
8:56 of 2nd period - Snap shot by Chris Mcallister.
8:56 of 2nd period - Deflect By Connor McDavid.
8:56 of 2nd period - Shot Blocked by Connor McDavid.
8:56 of 2nd period - Puck is out of play.
8:57 of 2nd period - Jeff Carter wins face-off versus Leon Draisaitl in Oilers zone.
9:02 of 2nd period - Snap shot by Marcus Kruger.
9:02 of 2nd period - Stopped by Marc-André Fleury without a rebound.
9:03 of 2nd period - Jeff Carter wins face-off versus Leon Draisaitl in Oilers zone.
9:14 of 2nd period - Wrist shot by Jeff Carter.
9:14 of 2nd period - Shot Blocked by Tobias Enstrom.
9:34 of 2nd period - Snap shot by Kellan Lain.
9:34 of 2nd period - Deflect By Riley Sheahan.
9:34 of 2nd period - Shot Misses the Net.
9:34 of 2nd period - Puck is out of play.
9:35 of 2nd period - Riley Sheahan wins face-off versus Jordan Nolan in Flyers zone.
9:38 of 2nd period - Wrist shot by Kellan Lain.
9:38 of 2nd period - Shot Misses the Net.
9:40 of 2nd period - Snap shot by Riley Sheahan.
9:40 of 2nd period - Shot Misses the Net.
9:42 of 2nd period - Snap shot by Jordan Caron.
9:42 of 2nd period - Shot Misses the Net.
9:44 of 2nd period - Wrist shot by Kellan Lain.
9:44 of 2nd period - Shot Blocked by Jonathan Ericsson.
9:46 of 2nd period - Slapshot by Riley Sheahan.
9:46 of 2nd period - Shot Misses the Net.
9:48 of 2nd period - Slapshot by Brent Seabrook.
9:48 of 2nd period - Stopped by Steve Mason with a rebound.
9:50 of 2nd period - Wrist shot by Travis Hamonic.
9:50 of 2nd period - Shot Blocked by Jordan Nolan.
9:53 of 2nd period - Minor Penalty to Kellan Lain for Roughing.
9:54 of 2nd period - Jeff Carter wins face-off versus Taylor Hall in Oilers zone.
9:59 of 2nd period - Snap shot by Jeff Carter.
9:59 of 2nd period - Shot Misses the Net.
11:53 of 2nd period - Penalty to Kellan Lain is over, Kellan Lain is back on ice.
12:07 of 2nd period - Brady Skjei is hit by Jonathan Ericsson and loses puck.
12:54 of 2nd period - Wrist shot by Johnny Gaudreau.
12:54 of 2nd period - Stopped by Steve Mason without a rebound.
12:55 of 2nd period - Jeff Carter wins face-off versus Connor McDavid in Flyers zone.
12:57 of 2nd period - Minor Penalty to Jeff Carter for Hooking.
12:58 of 2nd period - Leon Draisaitl wins face-off versus Matthew Lombardi in Flyers zone.
13:29 of 2nd period - Snap shot by Johnny Gaudreau.
13:29 of 2nd period - Stopped by Steve Mason without a rebound.
13:30 of 2nd period - Leon Draisaitl wins face-off versus Jordan Nolan in Flyers zone.
13:59 of 2nd period - Brian Lashoff is hit by Oscar Klefbom and loses puck.
14:57 of 2nd period - Penalty to Jeff Carter is over, Jeff Carter is back on ice.
15:09 of 2nd period - Backhand shot by Jordan Caron.
15:09 of 2nd period - Stopped by Steve Mason with a rebound.
15:11 of 2nd period - Wrist shot by Riley Sheahan.
15:11 of 2nd period - Stopped by Steve Mason without a rebound.
15:12 of 2nd period - Kevin Porter wins face-off versus Jeff Carter in Flyers zone.
15:37 of 2nd period - J.T. Miller is hit by Pavel Buchnevich and loses puck.
15:46 of 2nd period - Slapshot by Matt Smaby.
15:46 of 2nd period - Shot Blocked by Steve Montador.
16:53 of 2nd period - Minor Penalty to Mats Zuccarello for Diving.
16:54 of 2nd period - Jordan Nolan wins face-off versus Taylor Hall in Flyers zone.
17:05 of 2nd period - Off-side.
17:06 of 2nd period - Matthew Lombardi wins face-off versus Leon Draisaitl in neutral zone.
17:09 of 2nd period - Slapshot by Brian Lashoff.
17:09 of 2nd period - Stopped by Marc-André Fleury with a rebound.
18:53 of 2nd period - Penalty to Mats Zuccarello is over, Mats Zuccarello is back on ice.
18:55 of 2nd period - Backhand shot by Mats Zuccarello.
18:55 of 2nd period - Shot Misses the Net.
19:01 of 2nd period - Drew Miller is hit by Taylor Hall and loses puck.
19:16 of 2nd period - Marcus Kruger is hit by Brady Skjei and loses puck.
19:21 of 2nd period - Snap shot by Riley Sheahan.
19:21 of 2nd period - Stopped by Steve Mason without a rebound.
19:22 of 2nd period - Jeff Carter wins face-off versus Kevin Porter in Flyers zone.
19:22 of 2nd period - Jeff Carter is hit by Kevin Porter.
19:58 of 2nd period - Brian Lashoff is hit by Kellan Lain and loses puck.
Goals for this period are 0 for Flyers vs 0 for Oilers.
Shots for this period are 4 for Flyers vs 7 for Oilers.
3rd period
0:01 of 3rd period - Connor McDavid wins face-off versus Jordan Nolan in neutral zone.
0:16 of 3rd period - Slapshot by Jordan Nolan.
0:16 of 3rd period - Stopped by Marc-André Fleury with a rebound.
0:26 of 3rd period - Minor Penalty to Jeff Woywitka for Hooking.
0:27 of 3rd period - Leon Draisaitl wins face-off versus Jordan Nolan in Flyers zone.
0:55 of 3rd period - Icing by Brady Skjei.
0:56 of 3rd period - Johnny Gaudreau wins face-off versus Matthew Lombardi in Oilers zone.
1:01 of 3rd period - Snap shot by Brent Seabrook.
1:01 of 3rd period - Shot Misses the Net.
1:03 of 3rd period - Wrist shot by Connor McDavid.
1:03 of 3rd period - Stopped by Steve Mason with a rebound.
1:05 of 3rd period - Slapshot by Brent Seabrook.
1:05 of 3rd period - Shot Misses the Net.
1:07 of 3rd period - Snap shot by Connor McDavid.
1:07 of 3rd period - Stopped by Steve Mason with a rebound.
1:09 of 3rd period - Wrist shot by Johnny Gaudreau.
1:09 of 3rd period - Deflect By Pavel Buchnevich.
1:09 of 3rd period - Shot Misses the Net.
1:09 of 3rd period - Puck is out of play.
1:10 of 3rd period - Jordan Nolan wins face-off versus Leon Draisaitl in Flyers zone.
1:10 of 3rd period - Jordan Nolan is hit by Leon Draisaitl.
1:37 of 3rd period - Drew Miller is hit by Pavel Buchnevich and loses puck.
1:44 of 3rd period - Snap shot by Connor McDavid.
1:44 of 3rd period - Stopped by Steve Mason with a rebound.
1:46 of 3rd period - Snap shot by Brady Skjei.
1:46 of 3rd period - Shot Misses the Net.
1:48 of 3rd period - Wrist shot by Pavel Buchnevich.
1:48 of 3rd period - Stopped by Steve Mason with a rebound.
2:26 of 3rd period - Penalty to Jeff Woywitka is over, Jeff Woywitka is back on ice.
2:42 of 3rd period - Snap shot by Kevin Porter.
2:42 of 3rd period - Shot Blocked by Marcus Kruger.
2:44 of 3rd period - Wrist shot by Kevin Porter.
2:44 of 3rd period - Shot Blocked by Matt Smaby.
3:48 of 3rd period - J.T. Miller is hit by Connor McDavid and loses puck.
4:09 of 3rd period - Brady Skjei is hit by Erik Christensen and loses puck.
4:14 of 3rd period - Wrist shot by Erik Christensen.
4:14 of 3rd period - Shot Misses the Net.
5:00 of 3rd period - Matt Smaby is hit by Jordan Caron and loses puck.
5:29 of 3rd period - Chris Mcallister is hit by Taylor Hall and loses puck.
5:46 of 3rd period - Brock Nelson is hit by Anthony Stewart and loses puck.
6:07 of 3rd period - Backhand shot by Marcus Kruger.
6:07 of 3rd period - Shot Misses the Net.
6:09 of 3rd period - Snap shot by Marcus Kruger.
6:09 of 3rd period - Shot Blocked by Claude Giroux.
6:11 of 3rd period - Wrist shot by Jeff Carter.
6:11 of 3rd period - Shot Misses the Net.
6:13 of 3rd period - Slapshot by Matt Smaby.
6:13 of 3rd period - Stopped by Marc-André Fleury without a rebound.
6:14 of 3rd period - Leon Draisaitl wins face-off versus Erik Christensen in Oilers zone.
6:40 of 3rd period - Claude Giroux is hit by Oliver Ekman-Larsson and loses puck.
8:26 of 3rd period - Johnny Gaudreau is hit by Marcus Kruger and loses puck.
8:39 of 3rd period - Johnny Gaudreau is hit by Brian Lashoff and loses puck.
8:54 of 3rd period - Oscar Klefbom is hit by Marcus Kruger and loses puck.
9:05 of 3rd period - Brian Lashoff is hit by Johnny Gaudreau and loses puck.
9:18 of 3rd period - Slapshot by J.T. Miller.
9:18 of 3rd period - Shot Misses the Net.
9:20 of 3rd period - Slapshot by J.T. Miller.
9:20 of 3rd period - Shot Misses the Net.
9:24 of 3rd period - Backhand shot by J.T. Miller.
9:24 of 3rd period - Shot Misses the Net.
9:26 of 3rd period - Snap shot by J.T. Miller.
9:26 of 3rd period - Stopped by Marc-André Fleury with a rebound.
9:28 of 3rd period - Slapshot by Marcus Kruger.
9:28 of 3rd period - Stopped by Marc-André Fleury without a rebound.
9:29 of 3rd period - Leon Draisaitl wins face-off versus Jakub Voracek in Oilers zone.
9:42 of 3rd period - Wrist shot by Leon Draisaitl.
9:42 of 3rd period - Shot Misses the Net.
9:44 of 3rd period - Slapshot by Tobias Enstrom.
9:44 of 3rd period - Shot Misses the Net.
9:46 of 3rd period - Wrist shot by Leon Draisaitl.
9:46 of 3rd period - Shot Blocked by Jakub Voracek.
10:00 of 3rd period - Off-side.
10:01 of 3rd period - Riley Sheahan wins face-off versus Erik Christensen in neutral zone.
10:06 of 3rd period - Wrist shot by Jordan Caron.
10:06 of 3rd period - Stopped by Steve Mason with a rebound.
10:08 of 3rd period - Wrist shot by Riley Sheahan.
10:08 of 3rd period - Stopped by Steve Mason without a rebound.
10:09 of 3rd period - Jordan Nolan wins face-off versus Kellan Lain in Flyers zone.
10:16 of 3rd period - Snap shot by Jordan Nolan.
10:16 of 3rd period - Shot Misses the Net.
10:18 of 3rd period - Minor Penalty to Brent Seabrook for Hooking.
10:19 of 3rd period - Claude Giroux wins face-off versus Jakub Voracek in Oilers zone.
11:26 of 3rd period - Snap shot by Brady Skjei.
11:26 of 3rd period - Deflect By Kevin Porter.
11:26 of 3rd period - Shot Misses the Net.
11:26 of 3rd period - Puck is out of play.
11:27 of 3rd period - Kevin Porter wins face-off versus Jordan Nolan in Flyers zone.
12:12 of 3rd period - Icing by Jeff Woywitka.
12:13 of 3rd period - Claude Giroux wins face-off versus Jordan Nolan in Flyers zone.
12:18 of 3rd period - Penalty to Brent Seabrook is over, Brent Seabrook is back on ice.
12:30 of 3rd period - Wrist shot by Marcus Kruger.
12:30 of 3rd period - Shot Misses the Net.
12:42 of 3rd period - Snap shot by Claude Giroux.
12:42 of 3rd period - Shot Blocked by Chris Mcallister.
12:44 of 3rd period - Snap shot by Tobias Enstrom.
12:44 of 3rd period - Shot Misses the Net.
12:56 of 3rd period - Off-side.
12:57 of 3rd period - Erik Christensen wins face-off versus Riley Sheahan in neutral zone.
13:05 of 3rd period - Matt Smaby is hit by Steve Montador and loses puck.
13:10 of 3rd period - Snap shot by Oscar Klefbom.
13:10 of 3rd period - Shot Misses the Net.
13:12 of 3rd period - Wrist shot by Jordan Caron.
13:12 of 3rd period - Shot Blocked by Matt Smaby.
13:14 of 3rd period - Wrist shot by Riley Sheahan.
13:14 of 3rd period - Shot Blocked by Matt Smaby.
13:33 of 3rd period - Snap shot by Jakub Voracek.
13:33 of 3rd period - Stopped by Marc-André Fleury without a rebound.
13:34 of 3rd period - Jeff Carter wins face-off versus Riley Sheahan in Oilers zone.
13:44 of 3rd period - Icing by Brent Seabrook.
13:45 of 3rd period - Jordan Caron wins face-off versus Jordan Nolan in Oilers zone.
14:13 of 3rd period - Snap shot by Jeff Carter.
14:13 of 3rd period - Shot Misses the Net.
14:15 of 3rd period - Slapshot by Marcus Kruger.
14:15 of 3rd period - Shot Misses the Net.
14:53 of 3rd period - Minor Penalty to Drew Miller for Hooking.
14:54 of 3rd period - Leon Draisaitl wins face-off versus Jordan Nolan in Flyers zone.
16:51 of 3rd period - Icing by Brady Skjei.
16:52 of 3rd period - Kellan Lain wins face-off versus Jordan Nolan in Oilers zone.
16:53 of 3rd period - Penalty to Drew Miller is over, Drew Miller is back on ice.
17:21 of 3rd period - Slapshot by J.T. Miller.
17:21 of 3rd period - Deflect By Jeff Carter.
17:21 of 3rd period - Shot Blocked by Steve Montador.
17:21 of 3rd period - Puck is out of play.
17:22 of 3rd period - Erik Christensen wins face-off versus Leon Draisaitl in Oilers zone.
17:23 of 3rd period - Slapshot by Mats Zuccarello.
17:23 of 3rd period - Deflect By Leon Draisaitl.
17:23 of 3rd period - Stopped by Marc-André Fleury without a rebound.
17:24 of 3rd period - Erik Christensen wins face-off versus Riley Sheahan in Oilers zone.
17:56 of 3rd period - Snap shot by Claude Giroux.
17:56 of 3rd period - Shot Misses the Net.
17:58 of 3rd period - Slapshot by Claude Giroux.
17:58 of 3rd period - Shot Misses the Net.
18:00 of 3rd period - Slapshot by Connor McDavid.
18:00 of 3rd period - Stopped by Steve Mason without a rebound.
18:01 of 3rd period - Claude Giroux wins face-off versus Drew Miller in Flyers zone.
18:02 of 3rd period - Wrist shot by Johnny Gaudreau.
18:02 of 3rd period - Stopped by Steve Mason with a rebound.
18:47 of 3rd period - Pavel Buchnevich is hit by Oliver Ekman-Larsson and loses puck.
Goals for this period are 0 for Flyers vs 0 for Oilers.
Shots for this period are 6 for Flyers vs 8 for Oilers.